 Dungeon Crawl Stone Soup version 0.20.1-1-g8b1a95d (webtiles) character file.

2207 Lanoc the Summoner (level 9, 0/69 HPs)
             Began as a Naga Summoner on Nov 27, 2017.
             Slain by a hornet (13 damage)
             ... while paralysed by a hornet
             ... on level 12 of the Dungeon.
             The game lasted 00:47:49 (5634 turns).

Lanoc the Summoner (Naga Summoner)                  Turns: 5634, Time: 00:47:50

Health: 0/69       AC:  8    Str: 10    XL:     9   Next: 34%
Magic:  5/20       EV:  1    Int: 22    God:
Gold:   369        SH:  0    Dex: 12    Spells: 7/23 levels left

rFire    . . .     SeeInvis +   v - +3 dagger (elec)
rCold    . . .     Gourm    .   (no shield)
rNeg     . . .     Faith    .   s - +1 animal skin
rPois    +         Spirit   .   t - +2 helmet {Int+3}
rElec    .         Reflect  .   (no cloak)
rCorr    .         Harm     .   (no gloves)
MR       +....                  (no barding)
Stlth    ++++......             (no amulet)
Regen    0.3/turn               z - ring of see invisible
MPRegen  0.2/turn               i - ring of stealth

@: paralysed, lethally poisoned (0 -> -4), very slow
A: see invisible, deformed body, poison resistance, slowness 2, slow metabolism
1, spit poison 1, AC +3
a: Spit Poison


You were on level 12 of the Dungeon.
You were not hungry.

You visited 1 branch of the dungeon, and saw 8 of its levels.

You collected 369 gold pieces.

Inventory:

Hand Weapons
 n - a +2 mace of protection
 q - a +2 dagger of speed
 r - a +3 trident of venom
 v - a +3 dagger of electrocution (weapon)
Missiles
 x - 7 javelins of returning (quivered)
Armour
 s - a +1 animal skin (worn)
 t - a +2 helmet of intelligence (worn)
Jewellery
 i - a ring of stealth (right hand)
 z - a ring of see invisible (left hand)
Wands
 y - a wand of paralysis (24/24)
Scrolls
 d - 2 scrolls of remove curse
 o - 3 scrolls of identify
 A - a scroll of amnesia
Potions
 a - 2 potions of mutation
 e - a potion of curing {unknown}
 f - a potion of magic
 g - 2 potions of haste {unknown}
 h - a potion of lignification
 l - 2 potions of berserk rage
 m - a potion of brilliance
 u - a potion of agility
Books
 b - a book of Callings

   Spells                             Type                      Level
   a - Summon Small Mammal            Summoning                    1
   b - Call Imp                       Summoning                    2
   c - Call Canine Familiar           Summoning                    3
   d - Summon Guardian Golem          Hexes/Summoning              3
   e - Summon Lightning Spire         Summoning/Air                4
   f - Summon Ice Beast               Ice/Summoning                4
 k - a book of Minor Magic

   Spells                             Type                      Level
   a - Magic Dart                     Conjuration                  1
   b - Blink                          Translocation                2
   c - Call Imp                       Summoning                    2
   d - Slow                           Hexes                        2
   e - Conjure Flame                  Conjuration/Fire             3
   f - Mephitic Cloud                 Conjuration/Poison/Air       3
 w - Sif Muna's Tome of Venom and Transmigration
   (You found it on level 8 of the Dungeon)

   Spells                             Type                      Level
   a - Sting                          Conjuration/Poison           1
   b - Sticks to Snakes               Transmutation                2
   c - Petrify                        Transmutation/Earth          4
   d - Statue Form                    Transmutation/Earth          6
   e - Hydra Form                     Transmutation                6
Comestibles
 c - 4 bread rations
 p - 4 fruits
 B - 16 chunks of flesh
 D - 4 meat rations


   Skills:
 + Level 0.4 Fighting
 + Level 0.6 Short Blades
 + Level 0.4 Polearms
 + Level 1.2 Throwing
 + Level 2.3 Dodging
 + Level 5.0 Stealth
 + Level 0.4 Unarmed Combat
 + Level 7.5 Spellcasting
 + Level 2.3 Hexes
 + Level 8.5 Summonings
 + Level 0.8 Ice Magic
 + Level 1.0 Air Magic


You had 7 spell levels left.
You knew the following spells:

 Your Spells              Type           Power        Failure   Level  Hunger
a - Summon Ice Beast      Ice/Summ       ####....     12%         4    ###....
b - Call Imp              Summ           #####...     1%          2    None
c - Call Canine Familiar  Summ           #####...     1%          3    None
d - Summon Guardian Gole  Hex/Summ       ####....     2%          3    None
e - Summon Lightning Spi  Summ/Air       ####....     11%         4    ###....


Dungeon Overview and Level Annotations

Branches:
Dungeon (9/15)
 Temple: D:4-7         Lair: D:8-11         Orc: D:9-12

Altars:

Shops:
D:4 }   D:7 (


Innate Abilities, Weirdness & Mutations

You cannot wear boots.
Your serpentine skin is tough. (AC +3)
You have supernaturally acute eyesight. (SInv)
Armour fits poorly on your strangely shaped body.
Your system is resistant to poisons. (rPois)
You cover ground very slowly.
You have a slow metabolism.
You can spit poison.


Message History

As you read the scroll labeled PIOTEFEACHUQ, it crumbles to dust.
It is a scroll of recharging.
Charge which item? (? for menu, Esc to quit)
Your wand of paralysis (?/24) glows for a moment.
You feel yourself speed up.
You feel sick. The hornet barely misses you.
The two-headed ogre hits your guardian golem but does no damage.
The two-headed ogre hits your guardian golem with a giant spiked club!!
Your white imp gestures at the hornet.
The puff of frost hits the two-headed ogre.
The hornet stings you.
You suddenly lose the ability to move!
The hornet stings you!
* * * LOW HITPOINT WARNING * * *
Your white imp gestures at the hornet.
The puff of frost hits the two-headed ogre.
The two-headed ogre hits your guardian golem with a giant club!
The two-headed ogre hits your guardian golem with a giant spiked club!!
Your guardian golem is destroyed!
The hornet stings you!
You die...

#............######
...................##
.(......5...(.......##
#.......##...........#
...###...##...........
.# ##..##...........
##................
#.............#..
##.....@.##.....
#..5Oy### ..## #....##
....## ##...## #......
##.....####.......
......................
...........O..........
.........######.......
######...# .......


You could see a two-headed ogre, a hornet and a friendly white imp.

Vanquished Creatures
  A centaur (D:7)
  A bullfrog zombie (D:8)
  An orc wizard (D:3)
  A worker ant (D:4)
  An adder (D:2)
  A leopard gecko (D:3)
  A goblin (D:2)
  2 hobgoblins
  3 kobolds (D:3)
  A ball python (D:3)
  4 frilled lizards
  A rat (D:1)
18 creatures vanquished.

Vanquished Creatures (collateral kills)
  A two-headed ogre (D:7)
  2 hippogriffs
  5 yaks (D:12)
  Menkaure (D:7)
  Duvessa (D:4)
  A sky beast (D:7)
  5 ogres
  A centaur (D:8)
  2 big kobolds
  A bullfrog (D:8)
  Dowan (D:4)
  2 scorpions (D:7)
  4 wights (D:7)
  4 howler monkeys
  A crimson imp (D:7)
  An orc priest (D:7)
  2 jellies
  Terence (D:2)
  2 iguanas
  2 orc wizards (D:4)
  3 worker ants (D:4)
  Robin (D:2)
  7 adders
  4 worms
  A dart slug (D:4)
  A leopard gecko (D:1)
  20 orcs
  5 bats
  4 giant cockroaches
  17 hobgoblins
  2 jackals (D:2)
  3 quokkas
  5 ball pythons
  4 frilled lizards (D:2)
  7 goblins
  15 kobolds
  A rat (D:2)
140 creatures vanquished.

Vanquished Creatures (others)
  A centaur skeleton (D:12)
1 creature vanquished.

Grand Total: 159 creatures vanquished

Notes
Turn   | Place    | Note
-------+----------+-------------------------------------------
     0 | D:1      | Lanoc the Naga Summoner began the quest for the Orb.
     0 | D:1      | Reached XP level 1. HP: 15/15 MP: 3/3
   342 | D:1      | Reached XP level 2. HP: 15/22 MP: 0/5
   348 | D:1      | Learned a level 2 spell: Call Imp
   910 | D:2      | Reached XP level 3. HP: 28/28 MP: 1/6
   941 | D:2      | Learned a level 3 spell: Call Canine Familiar
  1202 | D:2      | Reached XP level 4. HP: 35/36 MP: 6/8
  1459 | D:2      | Noticed Robin
  1460 | D:2      | Noticed Terence
  1466 | D:2      | Killed Robin
  1501 | D:2      | Killed Terence
  2147 | D:3      | Reached XP level 5. HP: 42/42 MP: 0/9
  2490 | D:4      | Learned a level 3 spell: Summon Guardian Golem
  2615 | D:4      | Reached skill level 5 in Summonings
  2668 | D:4      | Noticed an ogre
  2680 | D:4      | Killed an ogre
  2716 | D:4      | Found Useewk's Gadget Shoppe.
  2761 | D:4      | Noticed Duvessa
  2761 | D:4      | Noticed Dowan
  2784 | D:4      | Killed Duvessa
  2784 | D:4      | Reached XP level 6. HP: 49/49 MP: 2/11
  2798 | D:4      | Killed Dowan
  2806 | D:4      | Learned a level 4 spell: Summon Lightning Spire
  3754 | D:4      | You fall through a shaft for 3 floors!
  3803 | D:7      | Found Peurem's Weapon Shop.
  3869 | D:7      | Noticed a hippogriff
  3884 | D:7      | Killed a hippogriff
  3884 | D:7      | Reached skill level 6 in Summonings
  3884 | D:7      | Reached XP level 7. HP: 34/55 MP: 3/13
  4074 | D:7      | Reached skill level 5 in Spellcasting
  4312 | D:7      | Reached skill level 1 in Hexes
  4339 | D:7      | Noticed a two-headed ogre
  4357 | D:7      | Killed a two-headed ogre
  4357 | D:7      | Reached skill level 7 in Summonings
  4357 | D:7      | Reached XP level 8. HP: 63/63 MP: 2/17
  4363 | D:7      | Learned a level 4 spell: Summon Ice Beast
  4618 | D:7      | Noticed Menkaure
  4636 | D:7      | Killed Menkaure
  4636 | D:7      | Reached skill level 1 in Air Magic
  5242 | D:8      | Identified Sif Muna's Tome of Venom and Transmigration
  5350 | D:9      | You fall through a shaft for 3 floors!
  5350 | D:12     | Noticed a hippogriff
  5367 | D:12     | Killed a hippogriff
  5459 | D:12     | Reached skill level 1 in Throwing
  5459 | D:12     | Reached skill level 8 in Summonings
  5459 | D:12     | Reached XP level 9. HP: 69/69 MP: 6/19
  5555 | D:12     | Reached skill level 5 in Stealth
  5617 | D:12     | Noticed a two-headed ogre
  5622 | D:12     | Noticed a hornet
  5633 | D:12     | Paralysed by a hornet for 2 turns
  5634 | D:12     | Slain by a hornet

Skill      XL: |  1  2  3  4  5  6  7  8  9 |
---------------+----------------------------+-----
Spellcasting   | 3 4 6 7 |  7.5
Stealth        | 4 5 |  5.0
Summonings     | 5 6 7 8 |  8.5
Dodging        | 2 |  2.3
Hexes          | 1 2 |  2.3
Air Magic      | 1 |  1.0
Throwing       | 1 |  1.2
Fighting       | |  0.4
Short Blades   | |  0.6
Polearms       | |  0.4
Unarmed Combat | |  0.4
Ice Magic      | |  0.8

Action                   |  1- 3 |  4- 6 |  7- 9 || total
-------------------------+-------+-------+-------++-------
Melee: Unarmed           |    17 |       |       ||    17
       Dagger            |    13 |    37 |     3 ||    53
       Trident           |       |     6 |       ||     6
Throw: Javelin           |       |     3 |     5 ||     8
 Cast: Summon Small Mamm |    28 |     1 |       ||    29
       Call Imp          |    17 |    51 |    44 ||   112
       Call Canine Famil |     4 |    10 |     8 ||    22
       Summon Guardian G |       |     6 |    17 ||    23
       Summon Lightning  |       |       |     6 ||     6
       Summon Ice Beast  |       |       |     8 ||     8
 Abil: Spit Poison       |       |     1 |       ||     1
  Use: Scroll            |       |     1 |     6 ||     7
       Potion            |       |       |     9 ||     9
 Stab: Sleeping          |     5 |       |       ||     5
  Eat: Chunk             |     3 |     9 |     2 ||    14
       Fruit             |       |     1 |     1 ||     2
       Bread ration      |       |       |     1 ||     1
Armor: Robe              |     6 |     1 |       ||     7
       Animal skin       |       |    26 |     6 ||    32
Dodge: Dodged            |    40 |    44 |    34 ||   118
